 Dungeon Crawl Stone Soup version 0.24.0-1-gfbc8707122 (webtiles) character file.

Game seed: 659532918934300407, levelgen mode: deterministic

119 Peloso the Shield-Bearer (level 4, -6/40 HPs)
             Began as a Minotaur Fighter on Oct 27, 2019.
             Mangled by an orc
             ... wielding a +1 hand axe of electrocution
              (12 damage)
             ... on level 4 of the Dungeon.
             The game lasted 00:06:25 (2380 turns).

Peloso the Shield-Bearer (Minotaur Fighter)         Turns: 2380, Time: 00:06:29

Health: -6/40      AC:  9    Str: 20    XL:     4   Next: 73%
Magic:  3/3        EV:  8    Int:  5    God:
Gold:   91         SH: 10    Dex: 15    Spells: 3/3 levels left

rFire    . . .     SeeInvis +   a - +0 long sword
rCold    . . .     Gourm    .   c - +0 shield
rNeg     . . .     Faith    .   b - +0 scale mail
rPois    .         Spirit   .   (helmet restricted)
rElec    .         Reflect  .   (no cloak)
rCorr    .         Harm     .   m - +0 pair of gloves
MR       .....                  l - +0 pair of boots
Stlth    ..........             (no amulet)
HPRegen  0.13/turn              p - ring of see invisible
MPRegen  0.08/turn              j - +4 ring of dexterity

@: no status effects
A: retaliatory headbutt, horns 2
a: no special abilities


You were on level 4 of the Dungeon.
You were hungry.

You visited 1 branch of the dungeon, and saw 4 of its levels.

You collected 91 gold pieces.

Inventory:

Hand Weapons
 a - a +0 long sword (weapon)
Armour
 b - a +0 scale mail (worn)
 c - a +0 shield (worn)
 l - a +0 pair of boots (worn)
 m - a +0 pair of gloves (worn)
Jewellery
 j - a +4 ring of dexterity (right hand)
 k - an uncursed ring of protection from magic
 n - an uncursed ring of fire
 p - a ring of see invisible (left hand)
Scrolls
 e - a scroll of immolation {unknown}
 g - 6 scrolls of identify {unknown}
 h - 2 scrolls of amnesia
 i - 3 scrolls of remove curse
 o - a scroll of enchant weapon {unknown}
Potions
 d - 2 potions of might
Comestibles
 f - 5 rations


   Skills:
 + Level 4.2 Fighting
 + Level 3.7 Long Blades
 + Level 4.4 Armour
 + Level 0.8 Dodging
 + Level 4.7 Shields


You had 3 spell levels left.
You didn't know any spells.
Your spell library was empty.

Dungeon Overview and Level Annotations

Branches:
Dungeon (4/15)
 Temple: D:4-7

Altars:
Ashenzari
Qazlal
Trog
Wu Jian
The Shining One

Annotations:
D:4 Robin


Innate Abilities, Weirdness & Mutations

You reflexively headbutt those who attack you in melee.
You have a pair of horns on your head.


Message History

You hit the hobgoblin. Your headbutt misses the hobgoblin.
The hobgoblin is moderately wounded.
The hobgoblin barely misses you. You block the orc's attack.
The orc hits you with a +0 mace.
* * * LOW HITPOINT WARNING * * *
Unknown command.
Okay, then.
As you read the scroll labeled ACIPRE ROXKAQ, it crumbles to dust.
It is a scroll of amnesia.
You feel forgetful for a moment.
The hobgoblin no longer looks unusually strong.
The frilled lizard hisses.
You block the hobgoblin's attack. The orc hits you but does no damage.
As you read the scroll labeled HOENWA ANOTI, it crumbles to dust.
You feel blessed for a moment.
It was a scroll of remove curse.
The hobgoblin no longer looks unusually strong.
You block the orc's attack.
The hobgoblin hits you but does no damage.
The orc hits you but does no damage.
You are electrocuted!
You die...

... .. #. #####.###
##### ........# #....
.......o+ #######....
.....ooo# #..........
#@# #..........
..####g###+##..........
......ggg....#......####
.....gglgg...#......#
..........(..#####'##
....................#
....................#
....................#
....................#


You could see Robin, 4 orcs, 3 hobgoblins, 4 goblins and a frilled lizard.

Vanquished Creatures
  3 adders
  2 oozes
  An adder skeleton (D:4)
  A worm (D:2)
  A dart slug (D:3)
  3 leopard geckos
  An orc (D:3)
  3 ball pythons
  6 giant cockroaches
  8 goblins
  8 hobgoblins
  2 jackals (D:1)
  16 kobolds
  A quokka (D:2)
  6 bats
  4 frilled lizards
  3 rats
69 creatures vanquished.

Notes
Turn   | Place    | Note
-------+----------+-------------------------------------------
     0 | D:1      | Peloso the Minotaur Fighter began the quest for the Orb.
     0 | D:1      | Reached XP level 1. HP: 19/19 MP: 0/0
    59 | D:1      | Reached XP level 2. HP: 21/27 MP: 1/1
   470 | D:1      | Reached XP level 3. HP: 33/33 MP: 2/2
   742 | D:2      | Found a glowing golden altar of the Shining One.
   811 | D:2      | Found a shattered altar of Ashenzari.
  1150 | D:2      | Found an ornate altar of the Wu Jian Council.
  1222 | D:2      | Reached XP level 4. HP: 40/40 MP: 3/3
  1433 | D:3      | Found a bloodstained altar of Trog.
  1560 | D:3      | Found a stormy altar of Qazlal.
  2364 | D:4      | Noticed Robin
  2380 | D:4      | Mangled by an orc

Levels and vault maps discovered:
D:1:      grunt_arrival_lava_bath, layout_basic
D:2:      layout_basic, lemuel_crystal_altar, overflow_temple_1_default,
          minivault_26, nicolae_ashenzari_panopticon
D:3:      layout_basic, overflow_temple_1_default, lemuel_round_altar,
          serial_rivers, chequers_serial_rivers_micro_c,
          chequers_serial_rivers_small_a, chequers_serial_rivers_micro_d,
          chequers_serial_rivers_micro_d, chequers_serial_rivers_small_b
D:4:      layout_gridville, serial_shops, shop, uniq_ijyb, uniq_sigmund,
          uniq_eustachio, uniq_robin

Skill      XL: |  1  2  3  4 |
---------------+-------------+-----
Armour         | 4 |  4.4
Shields        | 4 |  4.7
Long Blades    | 3 |  3.7
Fighting       | 4 |  4.2
Dodging        | |  0.8

Action                   |  1- 3 |  4- 6 || total
-------------------------+-------+-------++-------
Melee: Long sword        |   115 |    52 ||   167
       Headbutt          |    12 |     6 ||    18
  Use: Potion            |     2 |       ||     2
       Scroll            |       |     2 ||     2
  Eat: Chunk             |     1 |     3 ||     4
Armor: Scale mail        |    66 |    31 ||    97
Dodge: Dodged            |    34 |    25 ||    59
Block: Shield            |    70 |    48 ||   118
       Rpst.: Long sword |    10 |     8 ||    18
